cohdb
Replays
Latest Replays
All Replays
Popular Replays
Top Player Replays
Match Explorer
How It Works
Community
CoH3 Stats
Reddit
Sign in to upload your games and track your stats! →
Sign in with Steam
Match 42663252
Unlisted
Match 42663252
Overview
Messages
Build Orders
End
Construct Barracks
Selects Advanced Infantry Battlegroup
Riflemen Squad
Riflemen Squad
Grenade Package
M1 Mortar Team
Construct Medical Station
Selects Convert to Ranger Squad
Convert to Ranger Squad
Infantry Support Center
Riflemen Squad
Munitions Surplus
Convert to Ranger Squad
Selects Frontline Medical Station
Advanced Logistics
Construct Motor Pool
M1 Anti-tank Gun Team
Selects Ranger Weapon Training
Frontline Medical Station
M1 Anti-tank Gun Team
Frontline Medical Station
Convert to Ranger Squad
Survival Training
Selects Ammunition Storage
Selects M2A1 105mm Howitzer Emplacement
M1 Anti-tank Gun Team
Construct Weapon Support Center
Construct Weapon Support Center
Engineer Squad
Selects Free Fire Drills
Scout Squad
Construct Tank Depot
Improved M9 Bazooka Rockets
Kylen
Plaka
Maximus
Big_Jesus@_lance>a_lot
Gambit
哎呀妈呀
0
0
Comments
sign in to comment!
No comments posted yet!